 Dungeon Crawl Stone Soup version 0.28-a0-479-g5baa6b73be (webtiles) character file.

Game seed: 7574185604517111042

7 Gargoyl the Skirmisher (level 2, -15/23 HPs)
             Began as a Gnoll Abyssal Knight on Sept 19, 2021.
             Was a Follower of Lugonu.
             Demolished by a tentacled starspawn (31 damage)
             ... on level 3 of the Abyss.
             The game lasted 00:00:56 (268 turns).

Gargoyl the Skirmisher (Gnoll Abyssal Knight)        Turns: 268, Time: 00:00:56

Health: -15/23     AC:  3    Str: 11    XL:     2   Next: 4%
Magic:  5/5        EV: 11    Int: 11    God:    Lugonu [*.....]
Gold:   32         SH:  0    Dex: 11    Spells: 1/1 levels left

rFire   . . .      SeeInvis .   a - +1 hand axe
rCold   . . .      Faith    .   (no shield)
rNeg    . . .      Spirit   .   b - +0 leather armour
rPois   .          Reflect  .   (no helmet)
rElec   .          Harm     .   (no cloak)
rCorr   .          Rampage  .   (no gloves)
Will    .....                   (no boots)
Stlth   +.........              (no amulet)
HPRegen 0.07/turn               (no ring)
MPRegen 0.09/turn               (no ring)

@: no status effects
A: fangs 1, strong nose, distributed training, [frail 2]
a: Renounce Religion, Depart the Abyss


You were on level 3 of the Abyss.
You worshipped Lugonu.
Lugonu was aware of your devotion.
You visited 0 branches of the dungeon, and saw 0 of its levels.
You visited the Abyss 1 time.

You collected 32 gold pieces.

Inventory:

Hand Weapons
 a - a +1 hand axe (weapon)
Armour
 b - a +0 leather armour (worn)


   Skills:
 + Level 6.4 Fighting
 + Level 0.2 Short Blades
 + Level 0.2 Long Blades
 + Level 4.4 Axes
 + Level 0.2 Maces & Flails
 + Level 0.2 Polearms
 + Level 0.2 Staves
 + Level 0.2 Slings
 + Level 0.2 Bows
 + Level 0.2 Crossbows
 + Level 0.2 Throwing
 + Level 4.4 Armour
 + Level 2.4 Dodging
 + Level 0.2 Stealth
 + Level 0.2 Shields
 + Level 0.2 Unarmed Combat
 + Level 0.2 Spellcasting
 + Level 0.1 Conjurations
 + Level 0.1 Hexes
 + Level 0.1 Summonings
 + Level 0.1 Necromancy
 + Level 0.1 Translocations
 + Level 0.1 Transmutations
 + Level 0.1 Fire Magic
 + Level 0.1 Ice Magic
 + Level 0.1 Air Magic
 + Level 0.1 Earth Magic
 + Level 0.1 Poison Magic
 + Level 4.4 Invocations
 + Level 0.2 Evocations


You had one spell level left.
You didn't know any spells.
Your spell library was empty.

Dungeon Overview and Level Annotations

Branches:
Dungeon (0/15)

Altars:


Innate Abilities, Weirdness & Mutations

You have very sharp teeth.
Your uncanny sense of smell can sniff out nearby items.
Your experience applies equally to all skills.
[You are very frail. (-20% HP)]


Message History

Tentacles burst from the starspawn's body! 2 starspawn tentacles come into view.
Unknown command.
Unknown command.
You hit the quasit but do no damage.
The quasit is severely wounded.
The quasit bites you.
The quasit barely misses you. x2; The quasit bites you.
The quasit claws you but does no damage.
The quasit barely misses you.
Unknown command.
You hit the quasit but do no damage.
The quasit is severely wounded.
The quasit bites you.
The quasit claws you but does no damage. x2
Unknown command.
You hit the quasit but do no damage.
The quasit is severely wounded.
The quasit closely misses you. x2; The quasit barely misses you.
Unknown command.
You hit the quasit but do no damage.
The quasit is severely wounded.
The quasit bites you. The quasit closely misses you. The quasit claws you.
The wretched star pulses with an eldritch light!
You feel frail. x2
The quasit bites you but does no damage.
The quasit misses you. The quasit barely misses you.
You hit the quasit. You bite the quasit, but do no damage.
The quasit is severely wounded.
Unknown command.
You hit the wretched star but do no damage.
The wretched star glows turbulently.
The lance of force misses you.
Unknown command.
You hit the wretched star but do no damage.
Unknown command.
You hit the tentacled starspawn.
The tentacled starspawn is lightly damaged.
The tentacled starspawn bites you!!
Ouch! That really hurt!
You die...

.. ..#.... .#
.#.# .#.## #.
..#..##..#.###.
##.# #..#...#..
.w # .#....##.#
Xw.##..#. ..#
.#h*#...# .#
#..##X#.#.#.# .
#@##..#.## .
##.###.. # .#
#### ##


You could see a tentacled starspawn and a wretched star.

Vanquished Creatures
  A shadow imp (Abyss:1)
1 creature vanquished.

Vanquished Creatures (others)
  3 starspawn tentacles (Abyss:3)
3 creatures vanquished.

Grand Total: 4 creatures vanquished

Notes
Turn   | Place    | Note
-------+----------+-------------------------------------------
     0 | Abyss:1  | Gargoyl the Gnoll Abyssal Knight began the quest for the
                  | Orb.
     0 | Abyss:1  | Reached XP level 1. HP: 23/23 MP: 3/3
    66 | Abyss:1  | Noticed a large abomination
    69 | Abyss:1  | Reached XP level 2. HP: 25/29 MP: 5/5
   113 | Abyss:2  | Noticed an orange demon
   114 | Abyss:2  | Found a transporter.
   115 | Abyss:2  | Noticed a wretched star
   196 | Abyss:3  | Noticed a large abomination
   257 | Abyss:3  | Noticed a wretched star
   258 | Abyss:3  | Noticed a raiju
   258 | Abyss:3  | Noticed a tentacled starspawn
   268 | Abyss:3  | Demolished by a tentacled starspawn

Illustrated notes

Levels and vault maps discovered:
Abyss:3:  base: Temple, evilmike_nicolae_abyss_rune_containment_curve,
          evilmike_abyss_exit_kraken, hangedman_abyss_or_decor_slice,
          evilmike_abyss_rune_siren_acolytes

Action                   || total
-------------------------++-------
Melee: Hand axe          ||    16
       Bite              ||     1
  Use: Scroll            ||     1
       Potion            ||     1
Armor: Leather armour    ||    15
Dodge: Dodged            ||    17

Table legend: (Time is in decaauts)
 A = Elapsed time spent in this place.
 B = Non-inter-level travel time spent in this place.
 C = Inter-level travel time spent in this place.
 D = Time resting spent in this place.
 E = Time spent auto-exploring this place.
 F = Levels seen in this place.
 G = Mean time per level.
                   A        B        C        D        E       F      G
               +--------+--------+--------+--------+--------+-----+--------+
         Total |    268 |    268 |      0 |      0 |    156 |   3 |   89.3 |
         Abyss |    268 |    268 |      0 |      0 |    156 |   3 |   89.3 |
               +--------+--------+--------+--------+--------+-----+--------+

Top non-repeatable levels by time:
 Abyss:3: 116 daAuts
 Abyss:1: 91 daAuts
 Abyss:2: 60 daAuts
